 Dungeon Crawl Stone Soup version 0.30-a0-830-gfe289a77b0 (webtiles) character file.

Game seed: 8781170620459754758

59567 Nacht the Destroyer (level 14, 0/85 HPs)
             Began as a Demonspawn Earth Elementalist on Feb 28, 2023.
             Was a High Priest of Vehumet.
             Slain by a dire elephant (2 damage)
             ... on level 5 of the Lair of Beasts.
             The game lasted 00:29:47 (17802 turns).

Nacht the Destroyer (DsEE)                         Turns: 17802, Time: 00:29:47

Health: 0/85       AC: 14    Str:  8    XL:     14   Next: 53%
Magic:  1/39       EV: 11    Int: 21    God:    Vehumet [*****.]
Gold:   1334       SH:  7    Dex: 15    Spells: 16/37 levels left

rFire   . . .      SeeInvis +    m - +1 dagger (flame)
rCold   . . .      Faith    .    c - +2 buckler
rNeg    . . .      Spirit   .    k - +3 troll leather armour {Snorg}
rPois   .          Reflect  .    G - +0 helmet
rElec   .          Harm     .    J - +0 cloak
rCorr   .          Rampage  .    (gloves unavailable)
Will    +....                    i - +1 pair of boots
Stlth   ++                       w - amulet of magic regeneration
HPRegen 1.14/turn                s - ring of see invisible
MPRegen 0.66/turn                I - ring of magical power

@: mighty, studying Axes
A: thin metallic scales 2, ignite blood 2, powered by pain 1, demonic touch 3
a: Renounce Religion


You were on level 5 of the Lair of Beasts.
You worshipped Vehumet.
Vehumet was extremely pleased with you.
You visited 2 branches of the dungeon, and saw 17 of its levels.
You also visited: Gauntlet.

You collected 1521 gold pieces.
You spent 187 gold pieces at shops.

Inventory:

Hand Weapons
 m - a +1 dagger of flaming (weapon)
Missiles
 v - 13 silver javelins
Armour
 c - a +2 buckler (worn)
 i - a +1 pair of boots (worn)
 k - a +3 troll leather armour (worn) {Snorg}
 G - a +0 helmet (worn)
 J - a +0 cloak (worn)
 T - a scarf of harm
Jewellery
 f - a ring of resist corrosion
 g - an amulet of the acrobat
 n - a +5 ring of evasion
 s - a ring of see invisible (left hand)
 t - a ring of protection from cold
 w - an amulet of magic regeneration (around neck)
 y - an amulet of guardian spirit
 B - an amulet of regeneration
 F - a +6 ring of strength
 I - a ring of magical power (right hand)
 M - a +6 ring of dexterity
 O - an amulet of faith
 P - a ring of protection from fire
 S - a ring of poison resistance
 X - a ring of ice
Wands
 b - a wand of roots (7)
 H - a wand of mindburst (2)
 K - a wand of acid (4)
 N - a wand of polymorph (3)
 Q - a wand of flame (17)
Scrolls
 d - 6 scrolls of enchant armour
 h - 4 scrolls of poison
 o - 2 scrolls of fog
 q - a scroll of brand weapon
 r - 5 scrolls of teleportation
 C - 2 scrolls of immolation
 D - 4 scrolls of amnesia
 L - a scroll of butterflies
 V - 2 scrolls of identify
 W - a scroll of blinking
Potions
 a - a potion of resistance
 j - 2 potions of cancellation
 l - 6 potions of might
 p - 6 potions of haste
 u - 3 potions of invisibility
 x - a potion of flight
 z - 2 potions of heal wounds
 A - 7 potions of curing
 E - 3 potions of mutation
 R - 2 potions of brilliance


   Skills:
 - Level 1.7 Dodging
 - Level 1.7 Stealth
 - Level 5.0 Shields
 - Level 12.0 Spellcasting
 - Level 12.0 Conjurations
 - Level 0.8 Transmutations
 - Level 12.0 Fire Magic
 + Level 3.3 Air Magic
 - Level 12.0 Earth Magic


You had 16 spell levels left.
You knew the following spells:

 Your Spells              Type           Power      Damage    Failure   Level
a - Iron Shot             Conj/Erth      29%        9d6       3%          6
b - Fireball              Conj/Fire      29%        3d13      1%          5
c - Freezing Cloud        Conj/Ice/Air   17%        6-21      9%          5
d - Stone Arrow           Conj/Erth      100%       3d13      1%          3
w - Passwall              Tmut/Erth      32%        N/A       1%          2

Your spell library contained the following spells:

 Spells                   Type           Power      Damage    Failure   Level
 Yara's Violent Unravell  Hex/Tmut       7%         3d5       47%         5
 Foxfire                  Conj/Fire      100%       2x1d9     1%          1
 Sandblast                Erth           100%       2d20      1%          1
 Hailstorm                Conj/Ice       37%        3d9       1%          3
 Inner Flame              Hex/Fire       37%        N/A       1%          3
 Kindle Blastsparks       Fire/Tloc/Air  68%        2d15      1%          3
 Iskenderun's Battlesphe  Conj           58%        2d11      1%          5
 Lee's Rapid Deconstruct  Erth           29%        3d15*     1%          5
 Freeze                   Ice            48%        1d6       2%          1
 Fulminant Prism          Conj/Hex       18%        3d10      2%          4
 Iskenderun's Mystic Bla  Conj/Tloc      37%        2d9       2%          4
 Starburst                Conj/Fire      29%        6d9       3%          6
 Petrify                  Tmut/Erth      39%        N/A       7%          4
 Frozen Ramparts          Ice            24%        1d4       8%          3
 Animate Armour           Summ/Erth      74%        N/A       9%          4
 Cigotuvi's Dreadful Rot  Necr/Pois/Air  34%        N/A       10%         2
 Ensorcelled Hibernation  Hex/Ice        24%        N/A       14%         2
 Orb of Destruction       Conj           29%        9d9       16%         7
 Conjure Ball Lightning   Conj/Air       22%        3x3d6     17%         6
 Spider Form              Tmut/Pois      14%        N/A       24%         3
 Portal Projectile        Hex/Tloc       24%        N/A       28%         3
 Tukima's Dance           Hex            12%        N/A       28%         3
 Anguish                  Hex/Necr       6%         N/A       67%         4
 Cause Fear               Hex            6%         N/A       67%         4
 Spellforged Servitor     Conj/Summ      18%        N/A       83%         7
 Blade Hands              Tmut           8%         N/A       88%         5
 Metabolic Englaciation   Hex/Ice        6%         N/A       95%         5
 Discord                  Hex            6%         N/A       100%        8


Dungeon Overview and Level Annotations

Branches:
Dungeon (12/15)            Temple (0/1) D:7            Lair (5/5) D:9
  Swamp (0/4) Lair:2       Spider (0/4) Lair:2        Slime (0/5) Lair:5
    Orc (0/2) D:10        Gauntlet (visited)

Altars:
Ashenzari
Cheibriados
Gozag
Qazlal
Ru
Trog
Uskayaw
Vehumet
Xom
Yredelemnul
Jiyva

Shops:
D:3 (   D:10 (   D:11 *


Innate Abilities, Weirdness & Mutations

You are mostly covered in thin metallic scales. (AC +3)
Your demonic aura often causes spilled blood to erupt in flames.
You sometimes gain a little power by taking damage.
Your touch may irresistibly damage your foes and sap their willpower.


Message History

The dire elephant tramples you!
* * * LOW HITPOINT WARNING * * *
You hold your ground!
You block the dire elephant's attack. The dire elephant tramples you.
* * * LOW HITPOINT WARNING * * *
You stumble backwards!
The dire elephant attacks as you move away!
The dire elephant barely misses you.
The dire elephant trunk-slaps you but does no damage.
There is an open door here.
The dire elephant attacks as you move away!
The dire elephant tramples you but does no damage.
The dire elephant barely misses you.
Casting: Iron Shot (dangerous; 3% risk of failure)
Confirm with . or Enter, or press ? or * to list all spells.
You don't have enough magic to cast this spell.
The dire elephant tramples you!!
* * * LOW HITPOINT WARNING * * *
You focus on the pain.
You feel very mighty all of a sudden.
You stumble backwards!
Casting: Iron Shot (dangerous; 3% risk of failure)
Confirm with . or Enter, or press ? or * to list all spells.
You don't have enough magic to cast this spell.
Casting: Iron Shot (dangerous; 3% risk of failure)
Confirm with . or Enter, or press ? or * to list all spells.
You don't have enough magic to cast this spell.
The dire elephant is engulfed in blazing flames.
Casting: Iron Shot (dangerous; 3% risk of failure)
Confirm with . or Enter, or press ? or * to list all spells.
Aiming: Iron Shot (dangerous; 3% risk of failure)
Press: ? - help, Shift-Dir - straight line, f/p - dire elephant
Aim: a dire elephant (heavily wounded, 100% to hit)
The iron shot hits the dire elephant!!
The dire elephant is severely wounded.
The dire elephant is engulfed in blazing flames.
The dire elephant tramples you.
* * * LOW HITPOINT WARNING * * *
You hold your ground!
The dire elephant trunk-slaps you.
You die...

#..............................
**#.♣#♣###♣♣P......♣########'''##
,,.********##♣....###............
**** *8,,,,,*#♣♣###...#####8P⌠.8#
*,,,,,,* ####.###~.###8.8##
****8,,,,,####...P#~~~~.#######
********#+#P..P####.≈≈≈≈#8...8#
**,** #.#.####.8#.~≈≈≈'...$!#
**+** #...#P@Y☼.'..~≈††.).!=#
**,** #8..#....8##.~~##8...8#
*,.,***###''#''#########**#####
**...P##P#..#...#
*,♣....^......## **♣♣PP.....P###
♣♣#.#.##.# ########


You could see a dire elephant.

Vanquished Creatures
  2 dire elephants (Lair:5)
  A minotaur (Gauntlet)
  Snorg (Lair:5)
  Fannar (Lair:2)
  6 hydras
  Erolcha (D:10)
  Erica (D:10)
  2 two-headed ogres
  4 death yaks
  2 skysharks
  2 spectral death yaks (Lair:5)
  A pharaoh ant (Lair:2)
  A spectral anaconda (Lair:5)
  Amaemon (D:11)
  A necromancer (Lair:5)
  An orc knight (D:10)
  A cyclops (D:10)
  11 elephants
  Maurice (D:11)
  Joseph (D:10)
  4 black mambas
  12 cane toads
  A gargoyle (D:11)
  An orange demon (D:11)
  6 rime drakes
  5 komodo dragons
  An unseen horror (D:11)
  A hornet (D:7)
  3 trolls
  A wolf spider simulacrum (Gauntlet)
  5 polar bears
  17 blink frogs
  2 jumping spiders (Lair:2)
  A dire elephant simulacrum (Lair:5)
  A spriggan (Lair:4)
  5 wyverns
  50 yaks
  Grum (D:9)
  3 steam dragons
  A redback (Lair:2)
  Menkaure (D:6)
  A spectral cane toad (Lair:5)
  A harpy simulacrum (Gauntlet)
  10 water moccasins
  Duvessa (D:4)
  4 orc warriors
  A meliai simulacrum (Gauntlet)
  A sky beast (D:7)
  4 black bears
  An elephant zombie (Lair:5)
  5 centaurs
  31 wolves
  A kobold brigand (D:9)
  3 gnoll sergeants
  15 bullfrogs
  4 scorpions
  Dowan (D:4)
  An elephant simulacrum (Lair:5)
  3 killer bees (D:9)
  2 electric eels (Lair:5)
  4 hounds
  2 jellies
  5 orc priests
  4 iguanas
  9 orc wizards
  A boggart simulacrum (Gauntlet)
  7 adders
  20 gnolls
  A white imp (D:6)
  A worm (D:2)
  2 dart slugs
  32 orcs
  7 bats
  7 endoplasms
  5 giant cockroaches
  4 hobgoblins
  3 jackals
  5 quokkas
  10 ball pythons
  6 frilled lizards
  9 goblins
  9 kobolds
  10 rats
  A bush (Lair:4)
418 creatures vanquished.

Vanquished Creatures (others)
  A bush (Lair:5)
  72 fungi
  72 plants
  23 withered plants (Lair:5)
168 creatures vanquished.

Grand Total: 586 creatures vanquished

Notes
Turn   | Place    | Note
-------+----------+-------------------------------------------
     0 | D:1      | Nacht the Demonspawn Earth Elementalist began the quest for
                  | the Orb.
     0 | D:1      | Reached XP level 1. HP: 13/13 MP: 3/3
   215 | D:1      | Gained mutation: You are partially covered in thin metallic
                  | scales. (AC +2) [demonic ancestry]
   215 | D:1      | Reached XP level 2. HP: 19/19 MP: 1/5
   818 | D:1      | Gained mutation: Your touch may inflict minor irresistible
                  | damage on your foes. [demonic ancestry]
   818 | D:1      | Reached XP level 3. HP: 24/24 MP: 2/6
  1011 | D:1      | Found a faded altar of an unknown god.
  1191 | D:1      | Learned a level 3 spell: Stone Arrow
  1194 | D:1      | Learned a level 2 spell: Passwall
  1357 | D:2      | Reached skill level 1 in Conjurations
  1360 | D:2      | Reached XP level 4. HP: 26/30 MP: 1/7
  1610 | D:2      | You fall into a shaft and drop 1 floor!
  1989 | D:3      | Found Xuwen's Weapon Shop.
  2111 | D:3      | Gained mutation: Your touch may inflict irresistible damage
                  | on your foes. [demonic ancestry]
  2111 | D:3      | Reached XP level 5. HP: 17/35 MP: 1/8
  2977 | D:4      | Found a radiant altar of Vehumet.
  3069 | D:4      | Became a worshipper of Vehumet
  3244 | D:4      | Gained mutation: You are mostly covered in thin metallic
                  | scales. (AC +3) [demonic ancestry]
  3244 | D:4      | Reached XP level 6. HP: 36/41 MP: 8/10
  3293 | D:4      | Noticed Dowan
  3370 | D:4      | Noticed Duvessa
  3385 | D:4      | Killed Duvessa
  3575 | D:4      | Killed Dowan
  3576 | D:4      | Reached skill level 5 in Earth Magic
  3870 | D:4      | Learned a level 5 spell: Fireball
  3871 | D:5      | Entered Level 5 of the Dungeon
  3875 | D:5      | Reached XP level 7. HP: 39/46 MP: 10/12
  4051 | D:5      | Reached skill level 1 in Fire Magic
  4331 | D:5      | Found a shimmering altar of Xom.
  4393 | D:5      | Reached * piety under Vehumet
  4393 | D:5      | Offered knowledge of Magic Dart by Vehumet.
  4787 | D:6      | Found a stormy altar of Qazlal.
  4933 | D:6      | Noticed Menkaure
  5166 | D:6      | Reached skill level 5 in Conjurations
  5172 | D:6      | Gained mutation: Your demonic aura sometimes causes spilled
                  | blood to erupt in flames. [demonic ancestry]
  5172 | D:6      | Reached XP level 8. HP: 46/52 MP: 3/14
  5361 | D:6      | Killed Menkaure
  5939 | D:7      | Got the Almanac of Nasty Charms
  6017 | D:7      | Noticed a hornet
  6020 | D:7      | Killed a hornet
  6118 | D:7      | Found a staircase to the Ecumenical Temple.
  6170 | D:7      | Reached skill level 5 in Spellcasting
  6353 | D:7      | Identified the +6 whip of Peace {flame, Dex+3}
  6802 | D:8      | Gained mutation: Your demonic aura often causes spilled
                  | blood to erupt in flames. [demonic ancestry]
  6802 | D:8      | Reached XP level 9. HP: 57/57 MP: 14/16
  6860 | D:8      | Offered knowledge of Foxfire by Vehumet.
  6862 | D:8      | Reached ** piety under Vehumet
  7415 | D:9      | Reached skill level 5 in Fire Magic
  7448 | D:9      | Found a snail-covered altar of Cheibriados.
  7478 | D:9      | Noticed a troll
  7482 | D:9      | Killed a troll
  7653 | D:9      | Offered knowledge of Static Discharge by Vehumet.
  7659 | D:9      | Reached XP level 10. HP: 63/63 MP: 14/19
  7684 | D:9      | Found a staircase to the Lair.
  7735 | D:9      | Found a basalt altar of Yredelemnul.
  7739 | D:9      | Found an opulent altar of Gozag.
  7818 | D:9      | Noticed Grum
  7829 | D:9      | Killed Grum
  7935 | D:9      | Found a bloodstained altar of Trog.
  8284 | D:10     | Entered Level 10 of the Dungeon
  8299 | D:10     | Noticed Erolcha
  8303 | D:10     | Killed Erolcha
  8304 | D:10     | Reached skill level 1 in Shields
  8377 | D:10     | Noticed Erica
  8383 | D:10     | Killed Erica
  8463 | D:10     | Found a broken altar of Ashenzari.
  8488 | D:10     | Found a staircase to the Orcish Mines.
  8491 | D:10     | Found Hekhlemes's Weapon Emporium.
  8494 | D:10     | Noticed an orc knight
  8497 | D:10     | Noticed a two-headed ogre
  8521 | D:10     | Killed a two-headed ogre
  8539 | D:10     | Noticed Joseph
  8543 | D:10     | Killed Joseph
  8543 | D:10     | Reached *** piety under Vehumet
  8698 | D:10     | Found a sacrificial altar of Ru.
  8778 | D:10     | Killed an orc knight
  9020 | D:10     | Found a hide-covered altar of Uskayaw.
  9520 | D:10     | Noticed a cyclops
  9524 | D:10     | Killed a cyclops
  9525 | D:10     | Gained mutation: You sometimes gain a little power by
                  | taking damage. [demonic ancestry]
  9525 | D:10     | Reached XP level 11. HP: 68/68 MP: 22/22
  9573 | D:10     | Reached XP level 12. HP: 74/74 MP: 24/24
  9587 | D:11     | Found Olleth's Assorted Antiques.
  9596 | D:11     | Bought a runed buckler for 187 gold pieces
  9608 | D:11     | Noticed Maurice
  9614 | D:11     | Identified the +2 leather armour of Fedhas's Generosity
                  | {rElec rF++ Str+3 Dex-4}
  9622 | D:11     | Killed Maurice
  9812 | D:11     | Noticed Amaemon
  9818 | D:11     | Killed Amaemon
  9819 | D:11     | Reached skill level 5 in Shields
 10254 | D:11     | Noticed a two-headed ogre
 10258 | D:11     | Killed a two-headed ogre
 10490 | Lair:1   | Entered Level 1 of the Lair of Beasts
 10501 | Lair:1   | Reached skill level 10 in Conjurations
 10572 | D:9      | Offered knowledge of Flame Wave by Vehumet.
 10973 | Lair:1   | Reached skill level 10 in Earth Magic
 11192 | Lair:1   | Reached **** piety under Vehumet
 11794 | Lair:2   | Noticed an eight-headed hydra
 11799 | Lair:2   | Killed an eight-headed hydra
 11800 | Lair:2   | Noticed Fannar
 11864 | Lair:2   | Killed Fannar
 12105 | Lair:2   | Reached XP level 13. HP: 79/79 MP: 16/26
 12340 | Lair:2   | Offered knowledge of Freezing Cloud by Vehumet.
 12347 | Lair:2   | Learned a level 5 spell: Freezing Cloud
 12367 | Lair:2   | Reached skill level 10 in Fire Magic
 12580 | Lair:1   | Reached skill level 10 in Spellcasting
 12732 | Lair:2   | Found a hole to the Spider Nest.
 12792 | Lair:2   | Found a staircase to the Swamp.
 13436 | Lair:2   | Found a hole to the Spider Nest.
 13966 | Lair:2   | Found a staircase to the Swamp.
 14144 | Lair:3   | Found a gate leading to a gauntlet.
 14157 | Gauntlet | Entered a Gauntlet
 14157 | Gauntlet | Found a transporter.
 14157 | Gauntlet | Found a transporter.
 14184 | Gauntlet | Found a transporter.
 14187 | Gauntlet | Found a transporter.
 14189 | Gauntlet | Found a transporter.
 14199 | Gauntlet | Found a transporter.
 14263 | Gauntlet | Found a transporter.
 14277 | Gauntlet | Found a transporter.
 14288 | Gauntlet | Found a transporter.
 14300 | Gauntlet | Found a transporter.
 14313 | Gauntlet | Found a transporter.
 14319 | Gauntlet | Found a transporter.
 14533 | Gauntlet | Reached ***** piety under Vehumet
 14533 | Gauntlet | Offered knowledge of Sticky Flame by Vehumet.
 14654 | Gauntlet | Noticed a minotaur
 14660 | Gauntlet | Killed a minotaur
 16136 | Lair:4   | You fall into a shaft and drop 1 floor!
 16136 | Lair:5   | Entered Level 5 of the Lair of Beasts
 16180 | Lair:5   | Noticed Snorg
 16190 | Lair:5   | Killed Snorg
 16303 | Lair:5   | Gained mutation: Your touch may irresistibly damage your
                  | foes and sap their willpower. [demonic ancestry]
 16303 | Lair:5   | Reached XP level 14. HP: 85/85 MP: 29/29
 16610 | Lair:4   | Offered knowledge of Yara's Violent Unravelling by Vehumet.
 17005 | Lair:5   | Identified the +0 chain mail of Fuh Muot {Str+3 Int+4}
 17326 | Lair:5   | Found a viscous altar of Jiyva.
 17326 | Lair:5   | Found a staircase to the Slime Pits.
 17594 | Lair:5   | Found the ring of Shadows {Umbra +Inv Stlth+}
 17701 | Lair:5   | Learned a level 6 spell: Iron Shot
 17717 | Lair:5   | Reached skill level 1 in Air Magic
 17800 | Lair:5   | HP: 2/85 [dire elephant (27)]
 17802 | Lair:5   | Slain by a dire elephant

Illustrated notes

Levels and vault maps discovered:
D:1:      eino_arrival_water_star, layout_basic,
          chequers_ecumenical_altar_lobes, minmay_misc_feat_x, minmay_tripent
D:2:      layout_rooms
D:3:      layout_basic, serial_shops, shop
D:4:      layout_basic, fiery_altar_vehumet, uniq_duvessa
D:5:      layout_rooms, mainiacjoe_overflow_small_starburst, minmay_circle_x
D:6:      layout_basic, nicolae_qazlal_general_emergency, uniq_menkaure
D:7:      layout_basic, elyvilon_altar_4, minmay_temple_entry_gardened_gates
D:8:      layout_basic, kennysheep_windowed_goal
D:9:      layout_cave_pools, mainiacjoe_overflow_cross_hatched,
          lightli_temple_of_fire, minitemple, grunt_lair_entry_orc_guard_hut,
          uniq_grum
D:10:     minmay_goldmine, layout_loops_cross,
          mainiacjoe_overflow_six_doors_small, lemuel_doored_altar,
          nicolae_ashenzari_panopticon, orc_david_3, uniq_erolcha, uniq_joseph,
          uniq_erica
D:11:     layout_irregular_city, serial_shops, shop, uniq_amaemon, uniq_maurice
D:12:     layout_basic, nicolae_trove_entry_crossroad, palyth_stone_intersect,
          uniq_sonja
Lair:1:   layout_long_grid, chequers_serial_rivers_micro_b, serial_bayou_shore_b
Lair:2:   layout_small_grid, swamp_mist, nicolae_spider_entry_lesser_pyramids,
          basic_altar, beast_lair_carwin_11, uniq_fannar
Lair:3:   layout_roguey, gauntlet_entry_generic
Lair:4:   layout_misc_corridors, grunt_forest_stairs_clearing
Lair:5:   due_jungle_book, layout_loops_ring, dpeg_slime_entry_enclosed,
          infiniplex_staircase_pool, grunt_megastairs_2, uniq_snorg

Skill      XL: |  1  2  3  4  5  6  7  8  9 10 11 12 13 14 |
---------------+-------------------------------------------+-----
Earth Magic    | 3 4 5 6 7 8 9 10 11 12 | 12.0
Conjurations   | 1 2 3 4 5 6 7 8 9 10 12 | 12.0
Spellcasting   | 3 4 5 6 7 8 9 11 12 | 12.0
Fire Magic     | 2 4 6 7 8 9 11 12 | 12.0
Shields        | 3 4 5 |  5.0
Air Magic      | 3 |  3.3
Dodging        | |  1.7
Stealth        | |  1.7
Transmutations | |  0.8

Action                     |  1- 3 |  4- 6 |  7- 9 | 10-12 | 13-15 || total
---------------------------+-------+-------+-------+-------+-------++-------
  Melee: Unarmed           |    15 |       |       |       |       ||    15
         Touch             |     1 |     1 |     1 |       |       ||     3
         Dagger            |       |     8 |     3 |       |     4 ||    15
   Cast: Sandblast         |    54 |    83 |    74 |    12 |       ||   223
         Stone Arrow       |       |     9 |    89 |   131 |   232 ||   461
         Fireball          |       |       |       |    43 |    97 ||   140
         Iron Shot         |       |       |       |       |    17 ||    17
    Use: Potion            |       |     2 |     3 |     2 |     2 ||     9
         Scroll            |       |       |    21 |     4 |     8 ||    33
 Armour: Robe              |    14 |    11 |    18 |    19 |    35 ||    97
         Leather armour    |       |       |    17 |     6 |       ||    23
         Troll leather arm |       |       |       |       |    29 ||    29
  Dodge: Dodged            |    28 |    20 |    94 |    32 |    96 ||   270
  Block: Buckler           |       |       |       |    18 |    61 ||    79

Table legend: (Time is in decaauts)
 A = Elapsed time spent in this place.
 B = Non-inter-level travel time spent in this place.
 C = Inter-level travel time spent in this place.
 D = Time resting spent in this place.
 E = Time spent auto-exploring this place.
 F = Levels seen in this place.
 G = Mean time per level.
                   A        B        C        D        E       F      G
               +--------+--------+--------+--------+--------+-----+--------+
         Total |  17920 |  17000 |    920 |    122 |  14169 |  18 |  995.6 |
       Dungeon |  10811 |  10172 |    639 |     77 |   8564 |  12 |  900.9 |
          Lair |   6500 |   6219 |    281 |     45 |   5245 |   5 | 1300.0 |
      Gauntlet |    607 |    607 |      0 |      0 |    359 |   1 |  607.0 |
               +--------+--------+--------+--------+--------+-----+--------+

Top non-repeatable levels by time:
  Lair:2: 1906 daAuts
  Lair:1: 1448 daAuts
  Lair:5: 1238 daAuts
     D:1: 1213 daAuts
    D:10: 1205 daAuts
  Lair:3: 1124 daAuts
     D:6: 1117 daAuts
     D:3: 1100 daAuts
     D:9: 1098 daAuts
     D:8: 1013 daAuts
     D:4: 955 daAuts
     D:5: 892 daAuts
    D:11: 863 daAuts
  Lair:4: 782 daAuts
     D:2: 675 daAuts
